 Dungeon Sprint DCSS version 0.28.0-43-g3370ac3207 (webtiles) character file.

Game seed: 11189875348178230715

21861 Baz the Warrior (level 13, -4/115 HPs)
             Began as a Djinni Ice Elementalist on Mar 17, 2022.
             Was the Champion of Makhleb.
             Killed from afar by an ice dragon (39 damage)
             ... with a blast of cold
             ... in the Dungeon (Sprint IX: "|||||||||||||||||||||||||||||").
             The game lasted 00:19:36 (3299 turns).

Baz the Warrior (Djinni Ice Elementalist)           Turns: 3299, Time: 00:19:36

Health: -4/115     AC: 22    Str: 10    XL:     13   Next: 23%
Gold:   1385       EV: 10    Int: 21    God:    Makhleb [******] SH:  5 Dex: 15

rFire   + + +      SeeInvis .   q - +8 falchion "Omaycuve" {vamp, rF+}
rCold   x . .      Faith    .   A - +0 buckler
rNeg    . . .      Spirit   .   G - +3 chain mail
rPois   ∞          Reflect  .   C - +1 hat
rElec   .          Harm     .   E - +1 cloak
rCorr   .          Rampage  .   F - +1 pair of gloves "Secif" {rPois}
Will    +....      NoTele   +   (boots unavailable)
Stlth   ..........              (no amulet)
HPRegen 0.29/turn               k - +3 ring of strength
MPRegen 0.00/turn               l - +2 ring of evasion

@: freezing walls, flying
A: sickness immunity, fire resistance 2, cold vulnerability 1, float, innate
caster, HP casting, extra vitality 1
a: Renounce Religion, Minor Destruction, Lesser Servant of Makhleb, Major
Destruction, Greater Servant of Makhleb


You were in the Dungeon.
You worshipped Makhleb.
Makhleb was exalted by your worship.
You visited 1 branch You collected 1929 gold pieces.
You spent 544 gold pieces at shops.

Inventory:

Hand Weapons
 n - a +2 rapier of venom
 q - the +8 falchion "Omaycuve" (weapon) {vamp, rF+}
   (You found it in the Dungeon)

   It occasionally heals its wielder for a portion of the damage dealt when it
   wounds a living foe.
   rF:        It protects you from fire.
Armour
 g - +0 steam dragon scales
 j - a +0 pair of gloves
 m - a +2 ring mail
 x - a +1 pair of gloves
 A - a +0 buckler (worn)
 C - a +1 hat (worn)
 E - a +1 cloak (worn)
 F - the +1 pair of gloves "Secif" (worn) {rPois}
   (You found it in the Dungeon)

   rPois:     It protects you from poison.
 G - a +3 chain mail (worn)
Jewellery
 a - a ring of fire
 k - a +3 ring of strength (left hand)
 l - a +2 ring of evasion (right hand)
 y - a ring of resist corrosion
 B - an amulet of regeneration
Wands
 r - a wand of polymorph (11)
 z - a wand of iceblast (5)
Scrolls
 f - 2 scrolls of blinking
 s - 8 scrolls of enchant armour
 t - 2 scrolls of enchant weapon
 u - a scroll of identify
 v - 3 scrolls of fog
Potions
 b - 5 potions of curing
 c - a potion of invisibility
 d - 2 potions of haste
 e - 2 potions of berserk rage
 h - a potion of might
 o - 6 potions of heal wounds
 p - 2 potions of resistance
 w - a potion of lignification
 D - a potion of brilliance


   Skills:
 + Level 18.8 Fighting
 + Level 14.2 Armour
 - Level 11.5 Dodging
 - Level 1.7 Stealth
 + Level 4.2 Shields
 * Level 13.8 Spellcasting
 - Level 12.2 Invocations


You had 10 spell levels left.
You knew the following spells:

 Your Spells              Type           Power      Damage    Failure   Level
a - Freeze                Ice            100%       1d11      1%          1
b - Frozen Ramparts       Ice            100%       1d12      1%          3
c - Ozocubu's Armour      Ice            64%        N/A       1%          3
d - Hailstorm             Conj/Ice       64%        3d14      4%          4
e - Sting                 Tmut/Pois      100%       1d8       1%          1
f - Poisonous Vapours     Pois/Air       100%       N/A       1%          2
g - Ignite Poison         Fire/Tmut/Pois 64%        N/A       1%          3
h - Summon Guardian Gole  Hex/Summ       64%        N/A       1%          3
i - Summon Ice Beast      Ice/Summ       64%        N/A       4%          4
j - Silence               Hex/Air        32%        N/A       12%         5
Your spell library was empty.

Dungeon Overview and Level Annotations

Branches:
Dungeon (1/1)

Altars:
Cheibriados
Dithmenos
Elyvilon
Fedhas
Gozag
Hepliaklqana
Kikubaaqudgha
Makhleb
Nemelex Xobeh
Okawaru
Qazlal
Ru
Sif Muna
Trog
Uskayaw
Vehumet
Wu Jian
Xom
Yredelemnul
Zin
The Shining One
Beogh
Jiyva
Lugonu

Shops:
D :=[!


Innate Abilities, Weirdness & Mutations

You are immune to sickness and miasma.
You are immune to poison.
Your flesh is very heat resistant. (rF++)
You are vulnerable to cold. (rC-)
You float through the air rather than walking.
You learn spells naturally, not from books.
Your magical power is your life essence.
You have superior vitality. (+4 MHP)


Message History

Makhleb accepts your kill.
The ice dragon resists.
The wall freezes the ice dragon.
The ice dragon breathes frost at you. The blast of cold misses you.
Your Shields skill increases to level 4!
Casting: Hailstorm (dangerous; 4% risk of failure)
Confirm with . or Enter, or press ? or * to list all spells.
Casting: Hailstorm (dangerous; 4% risk of failure)
Press: ? - help, Dir - look around, f - activate A cannonade of hail descends around you!
The hail pelts the ice dragon.
The ice dragon partially resists.
The ice dragon is severely wounded.
The ice dragon resists.
The wall freezes the ice dragon.
A tengu reaver comes into view. It is wielding a +0 great mace.
Unknown command.
Casting: Hailstorm (dangerous; 4% risk of failure)
Confirm with . or Enter, or press ? or * to list all spells.
Aiming: Freeze (safe; 1% risk of failure)
Press: ? - help, Shift-Dir - straight line, f - ice dragon
Aim: an ice dragon (severely wounded)
Okay, then.
Unknown command.
Casting: Freeze (safe; 1% risk of failure)
Confirm with . or Enter, or press ? or * to list all spells.
Okay, then.
Unknown command.
Casting: Freeze (safe; 1% risk of failure)
Confirm with . or Enter, or press ? or * to list all spells.
Aiming: Sting (safe; 1% risk of failure)
Press: ? - help, Shift-Dir - straight line, f - ice dragon
Aim: an ice dragon (severely wounded, 84% to hit)
The sting hits the ice dragon but does no damage.
The ice dragon is poisoned.
The ice dragon is severely wounded.
* * * LOW HITPOINT WARNING * * *
The ice dragon completely resists.
The wall freezes the ice dragon but does no damage.
The ice dragon breathes frost at you. The blast of cold hits you!!!
You feel a terrible chill!
You die...

▓.▓.▓.▓.▓.▓.▓_▓
▓.▓.▓.▓.▓.▓.▓_▓
▓.▓.▓.▓.▓.▓.▓_▓
▓.▓.▓.▓.▓.▓.▓_▓
▓.▓.▓)▓)▓.▓.▓_▓
▓.▓.▓.▓.▓.▓.▓_▓
▓.▓.▓.▓.▓.▓.▓_▓
▓.▓.▓)▓.▓÷▓.▓_▓
▓@▓.▓.▓.▓'▓.▓'▓
▓D▓.▓)▓.▓÷▓.▓!▓
▓[▓.▓)▓.▓.▓.▓?▓
▓†▓.▓)▓.▓.▓.▓)▓
▓.▓.▓)▓.▓.▓.▓.▓
▓.▓.▓∩▓.▓.▓.▓[▓
▓Q▓.▓.▓.▓.▓.▓.▓
▓.▓.▓∩▓.▓.▓.▓.▓
▓.▓)▓.▓.▓.▓.▓


You could see an ice dragon (poisoned, catching breath) and a tengu reaver.

Vanquished Creatures
  Gastronok (D)
  A very ugly thing (D)
  A stone giant (D)
  A fire dragon (D)
  5 hydras (D)
  Erolcha (D)
  A tengu warrior (D)
  3 ugly things (D)
  A deep elf pyromancer (D)
  4 orc knights (D)
  6 orc sorcerers (D)
  A manticore (D)
  A black mamba (D)
  Maurice (D)
  8 elephants (D)
  2 cane toads (D)
  A komodo dragon (D)
  A rime drake (D)
  An efreet (D)
  2 trolls (D)
  A polar bear (D)
  A slime creature (D)
  A wyvern (D)
  A wraith (D)
  A golden eye (shapeshifter) (D)
  2 vampire mosquitoes (D)
  A steam dragon (D)
  2 basilisks (D)
  An acid dragon (D)
  3 water moccasins (D)
  9 orc warriors (D)
  An ogre (D)
  A kobold brigand (D)
  2 bullfrogs (D)
  A killer bee (D)
  A jelly (D)
  A hound (D)
  4 orc priests (D)
  8 orc wizards (D)
  5 orcs (D)
  2 endoplasms (D)
  A quokka (D)
  A ball python skeleton (D)
  A bat simulacrum (D)
  A kobold (D)
  A quokka zombie (D)
  A rat (D)
98 creatures vanquished.

Vanquished Creatures (others)
  An orc wizard (D)
1 creature vanquished.

Grand Total: 99 creatures vanquished

Notes
Turn   | Place    | Note
-------+----------+-------------------------------------------
     0 | D        | Baz the Djinni Ice Elementalist began the quest for the
                  | Orb.
     0 | D        | Reached XP level 1. HP: 15/15 MP: 0/0
   285 | D        | Noticed a hound
   285 | D        | Noticed a jelly
   285 | D        | Noticed an ogre
   293 | D        | Killed a hound
   294 | D        | Reached skill level 3 in Fighting
   294 | D        | Reached XP level 2. HP: 24/25 MP: 0/0
   294 | D        | Reached XP level 3. HP: 29/30 MP: 0/0
   294 | D        | Learned a level 1 spell: Sting
   302 | D        | Killed an ogre
   303 | D        | Reached skill level 6 in Fighting
   303 | D        | Reached skill level 5 in Dodging
   303 | D        | Reached skill level 5 in Spellcasting
   303 | D        | Reached XP level 4. HP: 33/40 MP: 0/0
   303 | D        | Reached XP level 5. HP: 38/46 MP: 0/0
   303 | D        | Learned a level 2 spell: Poisonous Vapours
   390 | D        | Found a snail-covered altar of Cheibriados.
   390 | D        | Found a shadowy altar of Dithmenos.
   390 | D        | Found a white marble altar of Elyvilon.
   390 | D        | Found a blossoming altar of Fedhas.
   390 | D        | Found an opulent altar of Gozag.
   391 | D        | Found a hazy altar of Hepliaklqana.
   392 | D        | Found a viscous altar of Jiyva.
   394 | D        | Found a corrupted altar of Lugonu.
   395 | D        | Found a burning altar of Makhleb.
   396 | D        | Found a sparkling altar of Nemelex Xobeh.
   397 | D        | Found an iron altar of Okawaru.
   398 | D        | Found a stormy altar of Qazlal.
   399 | D        | Found a sacrificial altar of Ru.
   401 | D        | Found a bloodstained altar of Trog.
   402 | D        | Found a hide-covered altar of Uskayaw.
   403 | D        | Became a worshipper of Makhleb the Destroyer
   405 | D        | Found an ornate altar of the Wu Jian Council.
   406 | D        | Found a shimmering altar of Xom.
   407 | D        | Found a basalt altar of Yredelemnul.
   408 | D        | Found a glowing silver altar of Zin.
   409 | D        | Found a glowing golden altar of the Shining One.
   463 | D        | Noticed a steam dragon
   463 | D        | Noticed a kobold brigand
   463 | D        | Noticed a wraith
   463 | D        | Noticed a troll
   463 | D        | Noticed a vampire mosquito
   469 | D        | Killed a kobold brigand
   470 | D        | Reached skill level 7 in Fighting
   470 | D        | Reached XP level 6. HP: 18/54 MP: 0/0
   471 | D        | Killed a steam dragon
   471 | D        | Reached * piety under Makhleb
   472 | D        | Reached skill level 9 in Fighting
   472 | D        | Reached XP level 7. HP: 45/61 MP: 0/0
   472 | D        | Learned a level 3 spell: Ignite Poison
   473 | D        | Killed a wraith
   474 | D        | Reached skill level 10 in Fighting
   474 | D        | Killed a vampire mosquito
   475 | D        | Killed a troll
   475 | D        | Reached ** piety under Makhleb
   476 | D        | Reached skill level 11 in Fighting
   476 | D        | Reached XP level 8. HP: 53/72 MP: 0/0
   576 | D        | Noticed a brown ugly thing
   576 | D        | Noticed a troll
   576 | D        | Noticed a five-headed hydra
   576 | D        | Noticed an efreet
   582 | D        | Reached skill level 12 in Fighting
   582 | D        | Reached skill level 1 in Armour
   584 | D        | Killed a five-headed hydra
   585 | D        | Reached skill level 13 in Fighting
   585 | D        | Reached skill level 10 in Dodging
   585 | D        | Reached XP level 9. HP: 52/80 MP: 0/0
   585 | D        | Learned a level 3 spell: Summon Guardian Golem
   585 | D        | Killed a troll
   586 | D        | Killed an efreet
   586 | D        | Reached *** piety under Makhleb
   587 | D        | Reached skill level 5 in Armour
   590 | D        | Killed a white ugly thing
   591 | D        | Reached skill level 14 in Fighting
  1040 | D        | Got the +8 falchion "Omaycuve" {vamp, rF+}
  1054 | D        | Noticed a cane toad
  1058 | D        | Reached **** piety under Makhleb
  1059 | D        | Reached skill level 1 in Invocations
  1059 | D        | Reached XP level 10. HP: 86/89 MP: 0/0
  1061 | D        | Noticed a six-headed hydra
  1063 | D        | Killed a cane toad
  1064 | D        | Reached ***** piety under Makhleb
  1071 | D        | Killed a six-headed hydra
  1072 | D        | Reached skill level 15 in Fighting
  1073 | D        | Reached skill level 5 in Invocations
  1182 | D        | Noticed a komodo dragon
  1182 | D        | Noticed a rime drake
  1182 | D        | Noticed a cane toad
  1182 | D        | Noticed a black mamba
  1185 | D        | Reached skill level 10 in Spellcasting
  1185 | D        | Noticed a four-headed hydra
  1187 | D        | Noticed a six-headed hydra
  1189 | D        | Killed a rime drake
  1189 | D        | Noticed a seven-headed hydra
  1190 | D        | Killed a komodo dragon
  1194 | D        | Killed a cane toad
  1197 | D        | Killed a six-headed hydra
  1198 | D        | Reached XP level 11. HP: 42/97 MP: 0/0
  1198 | D        | Learned a level 4 spell: Summon Ice Beast
  1198 | D        | Killed a seven-headed hydra
  1198 | D        | Reached ****** piety under Makhleb
  1199 | D        | Reached skill level 16 in Fighting
  1201 | D        | Killed a four-headed hydra
  1202 | D        | Reached skill level 10 in Armour
  1493 | D        | Noticed an elephant
  1493 | D        | Noticed an elephant
  1493 | D        | Noticed an elephant
  1493 | D        | Noticed an elephant
  1493 | D        | Noticed an elephant
  1493 | D        | Noticed an elephant
  1498 | D        | Killed an elephant
  1498 | D        | Killed an elephant
  1502 | D        | Noticed an elephant
  1504 | D        | Killed an elephant
  1506 | D        | Killed an elephant
  1508 | D        | Killed an elephant
  1511 | D        | Killed an elephant
  1514 | D        | Killed an elephant
  1638 | D        | Noticed an elephant
  1835 | D        | Killed an elephant
  1931 | D        | Noticed Maurice
  1936 | D        | Killed Maurice
  1937 | D        | Reached skill level 17 in Fighting
  1948 | D        | Noticed Erolcha
  1961 | D        | Killed Erolcha
  1962 | D        | Reached skill level 10 in Invocations
  1962 | D        | Reached XP level 12. HP: 96/106 MP: 0/0
  2017 | D        | Noticed a stone giant
  2024 | D        | Killed a stone giant
  2910 | D        | Found Zol Sade's Book Emporium.
  2919 | D        | Reached skill level 18 in Fighting
  2923 | D        | Found Yxogh's Jewellery Shoppe.
  2926 | D        | Found Ysiereox's Armour Emporium.
  2932 | D        | Found Zihaeck's Distillery.
  2958 | D        | Bought a potion of heal wounds for 50 gold pieces
  2958 | D        | Bought a potion of heal wounds for 50 gold pieces
  2960 | D        | Bought a +0 buckler for 54 gold pieces
  2962 | D        | Bought an amulet of regeneration for 390 gold pieces
  3010 | D        | Noticed Gastronok
  3019 | D        | Killed Gastronok
  3211 | D        | Got the +1 pair of gloves "Secif" {rPois}
  3263 | D        | Noticed a tengu warrior
  3268 | D        | Reached skill level 1 in Shields
  3269 | D        | Killed a tengu warrior
  3270 | D        | Reached XP level 13. HP: 62/115 MP: 0/0
  3270 | D        | Learned a level 5 spell: Silence
  3273 | D        | Noticed a fire dragon
  3281 | D        | Killed a fire dragon
  3282 | D        | Noticed a green very ugly thing
  3286 | D        | Noticed an ice dragon
  3297 | D        | Killed a green very ugly thing
  3298 | D        | Noticed a tengu reaver
  3299 | D        | Killed from afar by an ice dragon

Illustrated notes

Levels and vault maps discovered:
D:        linesprint [early_d, line_temple, items_1, d_10, items_2, lair_1,
          lair_end, items_3, orc_1, orc_end, items_4, d_15, swamp_1, shoals_1,
          snake_1, spider_1, d_20, vaults_1, items_5, swamp_end, shoals_end,
          snake_end, spider_end, vaults_end, d_27, items_6, zot_1, zot_end,
          crypt_end, forest_end, elf_end, slime_end, tomb_end, abyss_end,
          pan_hell_end]

Skill      XL: |  1  2  3  4  5  6  7  8  9 10 11 12 13 |
---------------+----------------------------------------+-----
Spellcasting   | 4 5 6 7 8 9 10 11 13 | 13.8
Fighting       | 3 6 7 9 11 13 14 15 17 18 | 18.8
Dodging        | 3 5 6 7 9 10 11 | 11.5
Armour         | 4 6 9 11 13 14 | 14.2
Invocations    | 1 6 10 12 | 12.2
Shields        | 1 4 |  4.2
Stealth        | |  1.7

Action                   |  1- 3 |  4- 6 |  7- 9 | 10-12 | 13-15 || total
-------------------------+-------+-------+-------+-------+-------++-------
Melee: Dagger            |     3 |    10 |       |       |       ||    13
       Falchion          |       |       |       |    10 |       ||    10
       Punch             |       |       |       |     1 |       ||     1
 Cast: Freeze            |    12 |       |     3 |    14 |     2 ||    31
       Frozen Ramparts   |     1 |     1 |     4 |    13 |     2 ||    21
       Hailstorm         |       |     2 |     6 |    53 |    15 ||    76
       Poisonous Vapours |       |     2 |     3 |    43 |     1 ||    49
       Ozocubu's Armour  |       |     1 |     3 |     4 |       ||     8
       Ignite Poison     |       |       |       |    17 |     1 ||    18
       Summon Guardian G |       |       |       |     1 |       ||     1
       Summon Ice Beast  |       |       |       |     9 |     1 ||    10
       Sting             |       |       |       |       |     1 ||     1
Evoke: Wand              |       |     1 |     4 |     3 |     2 ||    10
  Use: Potion            |     1 |     1 |     1 |       |     2 ||     5
Armor: Robe              |     6 |     3 |     2 |       |       ||    11
       Steam dragon scal |       |       |     5 |    15 |       ||    20
       Chain mail        |       |       |       |     1 |     6 ||     7
Dodge: Dodged            |    11 |    11 |    10 |    51 |     2 ||    85
Block: Buckler           |       |       |       |       |     1 ||     1
